 Dungeon Crawl Stone Soup version 0.26.0-45-g9c1d065592 (webtiles) character file.

Game seed: 3814273530917293539

205894 DildoBatman the Necromancer (level 19, -21/140 HPs)
             Began as a Formicid Conjurer on Jan 31, 2021.
             Was an Initiate of Gozag.
             Killed from afar by a merfolk aquamancer (27 damage)
             ... with a torrent of water
             ... on level 4 of the Shoals on Feb 1, 2021.
             The game lasted 02:29:30 (36850 turns).

DildoBatman the Necromancer (Formicid Conjurer)    Turns: 36850, Time: 02:29:31

Health: -21/140    AC: 14    Str: 15    XL:     19   Next: 41%
Magic:  1/29       EV: 21    Int: 47    God:    Gozag
Gold:   5361       SH: 19    Dex: 18    Spells: 2/32 levels left

rFire    + . .     SeeInvis +   a - +4 hunting sling "Icatt" {vorpal, Int+4}
rCold    . . .     Faith    .   g - +0 tower shield
rNeg     + . .     Spirit   .   o - +4 robe of the Wheelwright {Harm *Corrode rPois Int+8}
rPois    +         Reflect  .   (helmet unavailable)
rElec    .         Harm     +   v - +2 cloak {Stlth+}
rCorr    .         Rampage  .   P - +0 pair of gloves
Will     +....                  I - +1 pair of boots
Stlth    ++........             m - amulet "Efam Uci" {RegenMP *Drain rF+ Int+8}
HPRegen  0.33/turn              T - +6 ring of dexterity
MPRegen  0.46/turn              w - ring "Weh Gaetu" {rN+ EV+4 Dex+3}

@: lethally poisoned (-21 -> -24), gold aura
A: permanent stasis, dig shafts and tunnels, four strong arms, antennae 3,
clever 1, strong 1
}: 1/15 runes: serpentine
a: Dig, Shaft Self, Renounce Religion, Potion Petition, Call Merchant, Bribe
Branch


You were on level 4 of the Shoals.
You worshipped Gozag.
Gozag was greatly pleased with you.
You visited 6 branches of the dungeon, and saw 31 of its levels.
You also visited: Sewer and Ossuary.

You collected 10337 gold pieces.
You spent 4213 gold pieces at shops.
You paid 763 gold pieces to Gozag.

Inventory:

Hand Weapons
 a - the +4 hunting sling "Icatt" (weapon) {vorpal, Int+4}
   (You took it off a gnoll on level 5 of the Dungeon)

   Any stone fired from it inflicts extra damage.
   It affects your intelligence (+4).
 b - the +11 dagger of Hacking and Slashing {flame, rC+}
   (You found it on level 5 of the Dungeon)

   It has been specially enchanted to burn those struck by it, causing extra
   injury to most foes and up to half again as much damage against particularly
   susceptible opponents.
   It protects you from cold.
 d - the +1 mace of the Absolute Madman {chaos, rElec rC+}
   (You found it in a sewer)

   Each time it hits an enemy it has a different, random effect.
   It protects you from cold.
   It insulates you from electricity.
 e - the +5 hunting sling "Diahin" {flame, Will+ Int-3 Dex+5}
   (You found it on level 12 of the Dungeon)

   It causes projectiles fired from it to burn those they strike, causing extra
   injury to most foes and up to half again as much damage against particularly
   susceptible opponents.
   It affects your intelligence (-3).
   It affects your dexterity (+5).
   It affects your willpower, your defense against some magical effects.
 X - the +10 rapier "Veathioj" {vorpal, rF++}
   (You found it on level 5 of the Lair of Beasts)

   It inflicts extra damage upon your enemies.
   It greatly protects you from fire.
Missiles
 h - 741 arrows
 t - 735 stones (quivered ammo)
 F - 369 sling bullets
 M - 7 throwing nets
 N - 4 silver javelins
 R - 210 bolts
Armour
 g - a +0 tower shield (worn)
 o - the +4 robe of the Wheelwright (worn) {Harm *Corrode rPois Int+8}
   (You bought it in a shop on level 2 of the Orcish Mines)

   It affects your intelligence (+8).
   It protects you from poison.
   It may corrode you when you take damage.
   It increases damage dealt and taken.
 v - a +2 cloak of stealth (worn)
 I - a +1 pair of boots (worn)
 P - a +0 pair of gloves (worn)
Magical Staves
 y - an uncursed staff of death {unknown}
Jewellery
 m - the amulet "Efam Uci" (around neck) {RegenMP *Drain rF+ Int+8}
   (You bought it in a shop on level 2 of the Orcish Mines)

   [amulet of magic regeneration]

   It increases your magic regeneration.
   It affects your intelligence (+8).
   It protects you from fire.
   It causes draining when unequipped.
 q - a +6 ring of intelligence
 w - the ring "Weh Gaetu" (right hand) {rN+ EV+4 Dex+3}
   (You bought it in a shop on level 8 of the Dungeon)

   [ring of evasion]

   It affects your evasion (+4).
   It affects your dexterity (+3).
   It protects you from negative energy.
 K - an uncursed ring of willpower
 T - a +6 ring of dexterity (left hand)
Wands
 j - a wand of iceblast (38)
 s - a wand of disintegration (39)
 Q - a wand of acid (44)
Scrolls
 c - 8 scrolls of fog
 f - 3 scrolls of immolation
 n - 3 scrolls of fear
 p - 5 scrolls of holy word
 r - 8 scrolls of amnesia
 x - 16 scrolls of remove curse
 z - 11 scrolls of identify
 C - 7 scrolls of magic mapping
 U - a scroll of summoning
Potions
 i - a potion of resistance
 l - 8 potions of curing
 u - 5 potions of brilliance
 B - 2 potions of flight
 E - 6 potions of might
 G - 3 potions of invisibility
 H - a potion of ambrosia
 J - 6 potions of heal wounds
 L - 2 potions of cancellation
Miscellaneous
 k - a phantom mirror
 A - a lightning rod (4/4)
 D - a condenser vane
 O - a tin of tremorstones (2/2)


   Skills:
 - Level 10.0 Fighting
 - Level 1.0 Short Blades
 - Level 1.0 Slings
 - Level 12.0 Armour
 - Level 7.0 Dodging
 - Level 2.4 Stealth
 - Level 15.0 Shields
 - Level 7.1 Spellcasting
 - Level 6.0 Conjurations
 - Level 17.7 Necromancy
 - Level 11.1 Transmutations
 - Level 5.0 Fire Magic
 - Level 4.0 Air Magic
 * Level 13.7 Earth Magic
 - Level 4.0 Poison Magic


You had 2 spell levels left.
You knew the following spells:

 Your Spells              Type           Power        Failure   Level
a - Borgnjor's Vile Clut  Necr/Erth      52%          1%          5
b - Conjure Flame         Conj/Fire      62%          1%          3
c - Searing Ray           Conj           100%         1%          2
d - Vampiric Draining     Necr           55%          0%          3
e - Mephitic Cloud        Conj/Pois/Air  57%          1%          3
f - Necromutation         Tmut/Necr      50%          26%         8
h - Dispel Undead         Necr           100%         0%          4
z - Sublimation of Blood  Necr           55%          0%          2

Your spell library contained the following spells:

 Spells                   Type           Power        Failure   Level
 Animate Skeleton         Necr           100%         0%          1
 Beastly Appendage        Tmut           100%         0%          1
 Pain                     Necr           100%         0%          1
 Corona                   Hex            17%          1%          1
 Foxfire                  Conj/Fire      100%         1%          1
 Magic Dart               Conj           100%         1%          1
 Shock                    Conj/Air       100%         1%          1
 Poisonous Vapours        Pois/Air       100%         1%          2
 Wereblood                Tmut           88%          1%          2
 Call Imp                 Summ           16%          2%          2
 Ensorcelled Hibernation  Hex/Ice        32%          2%          2
 Slow                     Hex            16%          2%          2
 Animate Dead             Necr           55%          0%          4
 Dazzling Flash           Conj/Hex       88%          1%          3
 Inner Flame              Hex/Fire       40%          1%          3
 Spider Form              Tmut/Pois      36%          1%          3
 Ice Form                 Ice/Tmut       62%          1%          4
 Leda's Liquefaction      Hex/Erth       34%          1%          4
 Petrify                  Tmut/Erth      93%          1%          4
 Sticky Flame             Conj/Fire      62%          1%          4
 Agony                    Necr           100%         1%          5
 Blade Hands              Tmut           44%          1%          5
 Excruciating Wounds      Necr           55%          1%          5
 Hydra Form               Tmut           44%          2%          6
 Confusing Touch          Hex            16%          4%          3
 Gell's Gravitas          Tloc           8%           4%          3
 Lesser Beckoning         Tloc           8%           4%          3
 Portal Projectile        Hex/Tloc       32%          4%          3
 Teleport Other           Tloc           16%          4%          3
 Fulminant Prism          Conj/Hex       22%          4%          4
 Iskenderun's Mystic Bla  Conj/Tloc      44%          4%          4
 Fireball                 Conj/Fire      31%          4%          5
 Yara's Violent Unravell  Hex/Tmut       31%          4%          5
 Summon Lightning Spire   Summ/Air       35%          6%          4
 Simulacrum               Ice/Necr       39%          6%          6
 Borgnjor's Revivificati  Necr           55%          7%          8
 Infestation              Necr           55%          7%          8
 Cause Fear               Hex            8%           14%         4
 Passage of Golubria      Tloc           N/A          14%         4
 Silence                  Hex/Air        17%          19%         5
 Haunt                    Necr/Summ      39%          32%         7
 Metabolic Englaciation   Hex/Ice        8%           38%         5
 Death's Door             Necr           55%          71%         9
 Shadow Creatures         Summ           N/A          92%         6
 Blink                    Tloc           Unusable     N/A         2

Dungeon Overview and Level Annotations

Branches:
Dungeon (14/15)            Temple (1/1) D:5            Lair (6/6) D:10
 Shoals (4/4) Lair:2        Snake (4/4) Lair:3        Slime (0/5) Lair:5
    Orc (2/2) D:9             Elf (0/3) Orc:2        Vaults (0/5) D:13
  Sewer (visited)         Ossuary (visited)

Altars:
Ashenzari
Cheibriados
Dithmenos
Elyvilon
Fedhas
Gozag
Hepliaklqana
Kikubaaqudgha
Makhleb
Nemelex Xobeh
Okawaru
Qazlal
Ru
Sif Muna
Trog
Uskayaw
Vehumet
Wu Jian
Xom
Yredelemnul
Zin
The Shining One

Shops:
D:4 :   D:8 =   D:12 (   Orc:2 *(=[   Snake:1 ?}?   Snake:2 *

Annotations:
D:6 exclusion: cacodemon
D:14 Jorgrun


Innate Abilities, Weirdness & Mutations

You cannot be hasted, slowed, berserked, paralysed or teleported.
You can dig through walls and to a lower floor.
Your four strong arms can wield two-handed weapons with a shield.
You have a pair of large antennae on your head. (SInv)
Your mind is acute. (Int +2)
Your muscles are strong. (Str +2)


Message History

Press: ? - help, Shift-Dir - straight line, f - merfolk aquamancer
Aim: a merfolk aquamancer, wielding a +0 rapier and wearing a +0 robe The ball explodes into a vile cloud!
The stinking cloud engulfs the merfolk aquamancer but does no damage.
You feel sick.
You hear a shout!
The merfolk aquamancer is engulfed in noxious fumes.
Casting: Mephitic Cloud (safe; 1% risk of failure)
Confirm with . or Enter, or press ? or * to list all spells.
Aiming: Borgnjor's Vile Clutch (safe; 1% risk of failure)
Press: ? - help, Shift-Dir - straight line, f/p - merfolk aquamancer
Aim: a merfolk aquamancer, wielding a +0 rapier and wearing a +0 robe (noxious fumes, 0% to evade) Zombie hands grab the merfolk aquamancer.
The zombie hands constrict the merfolk aquamancer!
You feel sick.
The merfolk aquamancer is engulfed in noxious fumes.
The merfolk aquamancer casts a spell at you.
The torrent of water hits you!!
You die...
Your body crumbles into a pile of gold.

≈≈≈≈≈≈≈≈....## {
≈≈≈≈≈?≈≈≈≈..≈#
≈≈≈≈≈..≈≈..≈≈#
≈≈.........≈≈# {
≈..........≈## { ≈.
............≈## ##...
..............#######.....
..<...........≈#≈#.≈#.≈...
............P≈..@....≈≈...
≈.....[.....P≈≈.$.≈≈≈≈≈$..
≈≈....≈≈≈.≈.P≈≈...≈≈≈≈≈≈(.
≈≈....≈≈≈P.≈P≈≈(.$≈m☼≈≈$(.
......≈≈...≈≈≈≈≈$≈≈≈○○≈≈..
...........P..≈≈$≈≈§§§≈≈.#
.≈...............≈(≈≈≈≈≈.#
........≈.≈≈≈≈(≈..#
≈.........≈≈≈≈≈...


You could see a merfolk aquamancer (clutched).

Vanquished Creatures
  A kraken (Shoals:2)
  Polyphemus (Shoals:4)
  The ghost of Wano the Alchemist, an adept DrTm of Wu Jian (Shoals:1)
  5 nagarajas (Snake:4)
  An orc warlord (D:8)
  Aizul (Shoals:4)
  A dire elephant (Lair:1)
  4 merfolk impalers
  Fannar (D:11)
  6 hydras
  12 naga warriors
  8 vault guards
  An alligator snapping turtle (Shoals:4)
  4 anacondas
  4 catoblepae
  2 merfolk avatars (Shoals:1)
  3 two-headed ogres
  A satyr (Shoals:4)
  6 merfolk aquamancers
  22 death yaks
  7 shock serpents
  2 tengu warriors (D:13)
  13 naga sharpshooters
  4 orc high priests (Orc:2)
  Sonja (Lair:4)
  4 skeletal warriors (D:14)
  2 salamander mystics
  8 sea snakes
  4 unseen horrors
  A lindwurm (Lair:1)
  5 naga ritualists
  19 harpies
  2 orc knights
  4 oklob plants
  13 mana vipers
  7 orc sorcerers
  11 manticores
  12 fauns
  6 ugly things (D:14)
  6 salamanders
  5 cyclopes
  Maurice (Orc:1)
  An elephant (shapeshifter) (D:11)
  33 black mambas
  4 guardian serpents
  9 merfolk sirens
  6 water nymphs
  A gargoyle (D:11)
  18 elephants
  12 cane toads
  A torpor snail (Lair:2)
  21 naga magi
  A kobold demonologist (D:11)
  5 rime drakes
  5 komodo dragons
  A catoblepas skeleton (D:13)
  A polar bear (Lair:2)
  A meliai (shapeshifter) (D:12)
  8 trolls
  17 merfolk
  A hornet (D:11)
  2 wind drakes (Shoals:2)
  6 dream sheep
  Prince Ribbit (D:6)
  17 blink frogs
  A boulder beetle zombie (D:8)
  7 snapping turtles
  12 water elementals
  3 shadows
  7 wyverns
  2 wraiths
  41 yaks
  5 basilisks
  4 vampire mosquitoes (D:14)
  59 nagas
  Edmund (D:5)
  Duvessa (D:6)
  A soldier ant (D:12)
  4 wargs
  An ogre skeleton (D:10)
  24 water moccasins
  3 tengu skeletons (D:12)
  A manticore zombie (D:8)
  2 black bears
  6 ice beasts
  25 orc warriors
  4 sky beasts
  An eye of draining (D:12)
  A manticore skeleton (D:12)
  13 ogres
  2 phantoms
  29 wolves
  18 centaurs
  5 big kobolds
  A gnoll sergeant (D:10)
  A cyclops zombie (D:12)
  A wyvern zombie (D:6)
  Dowan (D:6)
  12 bullfrogs
  2 cyclops skeletons (D:12)
  A water moccasin zombie (D:10)
  A water moccasin skeleton (D:10)
  10 killer bees
  3 scorpions
  11 wights
  2 electric eels
  8 howler monkeys
  4 jellies
  2 quasits
  2 bullfrog zombies
  3 centaur zombies (Ossuary)
  5 centaur skeletons
  7 hounds
  Crazy Yiuf (D:6)
  12 orc priests
  13 orc wizards
  4 bullfrog skeletons
  2 iguanas
  4 hell rats (Lair:3)
  9 worker ants
  2 sky beast zombies
  A big kobold zombie (Ossuary)
  3 hound zombies
  2 hound skeletons
  4 mummies (Ossuary)
  2 worker ant zombies
  A scorpion zombie (D:14)
  6 gnolls
  A river rat (D:3)
  10 adders
  3 shadow imps
  2 white imps
  3 ufetubi
  2 oozes
  An iguana zombie (D:12)
  3 worm zombies
  An adder skeleton (D:13)
  6 worms
  A dart slug (D:1)
  9 leopard geckos
  64 orcs
  5 ball pythons
  10 bats
  A bat skeleton (D:10)
  12 giant cockroaches
  8 goblins
  15 hobgoblins
  2 jackals (D:3)
  4 quokkas
  6 frilled lizards
  2 hobgoblin zombies (Ossuary)
  A jackal zombie (D:8)
  33 kobolds
  A kobold skeleton (D:12)
  A leopard gecko skeleton (D:13)
  An orc skeleton (D:10)
  2 orc zombies
  A quokka skeleton (D:4)
  8 rats
  3 rat skeletons
  A rat zombie (D:10)
1043 creatures vanquished.

Vanquished Creatures (others)
  A naga (Snake:4)
  A howler monkey (D:5)
  19 fungi
  60 plants
  21 tentacles (Shoals:2)
  9 toadstools (Lair:1)
111 creatures vanquished.

Grand Total: 1154 creatures vanquished

Notes
Turn   | Place    | Note
-------+----------+-------------------------------------------
     0 | D:1      | DildoBatman the Formicid Conjurer began the quest for the
                  | Orb.
     0 | D:1      | Reached XP level 1. HP: 13/13 MP: 3/3
   140 | D:1      | Reached XP level 2. HP: 19/19 MP: 3/5
   344 | D:1      | Learned a level 2 spell: Searing Ray
   623 | D:1      | Reached XP level 3. HP: 24/24 MP: 4/6
  1096 | D:2      | Reached XP level 4. HP: 28/30 MP: 3/8
  1311 | D:2      | You fall into a shaft and drop 1 floor!
  1498 | D:3      | Reached XP level 5. HP: 29/35 MP: 7/9
  1525 | D:3      | Reached skill level 5 in Conjurations
  1624 | D:3      | Found a glowing drain.
  1711 | Sewer    | Entered a sewer
  2172 | Sewer    | Noticed a bullfrog
  2177 | Sewer    | Killed a bullfrog
  2178 | Sewer    | Reached XP level 6. HP: 39/41 MP: 5/12
  2182 | Sewer    | Got a translucent mace
  2495 | D:3      | Found a faded altar of an unknown god.
  2506 | D:3      | Identified the cursed +1 mace of the Absolute Madman
                  | {chaos, rElec rC+} (You found it in a sewer)
  3293 | D:3      | Found a blossoming altar of Fedhas.
  3778 | D:4      | Reached XP level 7. HP: 46/46 MP: 10/14
  3891 | D:4      | Found Qaxohop's Book Shoppe.
  3941 | D:4      | Reached skill level 5 in Spellcasting
  4445 | D:5      | Entered Level 5 of the Dungeon
  4543 | D:5      | Found a sand-covered staircase.
  4567 | D:5      | Found a staircase to the Ecumenical Temple.
  4577 | Temple   | Entered the Ecumenical Temple
  4654 | Temple   | Became a worshipper of Kikubaaqudgha
  4777 | D:5      | Got an ancient dagger
  4851 | Ossuary  | Entered an ossuary
  4886 | Ossuary  | Reached XP level 8. HP: 50/52 MP: 13/18
  5013 | D:5      | Reached * piety under Kikubaaqudgha
  5013 | D:5      | Identified Kikubaaqudgha's Incunabulum of Unholy Magic
                  | (Kikubaaqudgha gifted it to you on level 5 of the Dungeon)
  5013 | D:5      | Received a gift from Kikubaaqudgha
  5043 | D:5      | Reached skill level 1 in Fighting
  5043 | D:5      | Reached skill level 1 in Armour
  5185 | D:5      | Identified the +4 hunting sling "Icatt" {vorpal, Int+4}
  5192 | D:5      | Identified the +3 flail of Keask {flame, *Drain rC- Str+6
                  | Int+3 SInv}
  5304 | D:5      | Found a white marble altar of Elyvilon.
  5363 | D:5      | Noticed Edmund
  5370 | D:5      | Killed Edmund
  5955 | D:4      | Reached XP level 9. HP: 65/65 MP: 15/19
  5985 | D:4      | Reached ** piety under Kikubaaqudgha
  6145 | D:6      | Noticed Prince Ribbit
  6154 | D:6      | Killed Prince Ribbit
  6155 | D:6      | Reached skill level 5 in Fighting
  6155 | D:6      | Reached skill level 5 in Armour
  6155 | D:6      | Reached skill level 2 in Necromancy
  6170 | D:6      | Identified the +11 dagger of Hacking and Slashing {flame,
                  | rC+} (You found it on level 5 of the Dungeon)
  6205 | D:6      | Reached skill level 1 in Short Blades
  6205 | D:6      | Reached skill level 1 in Slings
  6215 | D:6      | Reached skill level 3 in Necromancy
  6236 | D:6      | Noticed Duvessa
  6249 | D:6      | Killed Duvessa
  6250 | D:6      | Noticed Dowan
  6255 | D:6      | Killed Dowan
  6256 | D:6      | Reached skill level 4 in Necromancy
  6469 | D:6      | Learned a level 2 spell: Sublimation of Blood
  6473 | D:6      | Learned a level 3 spell: Vampiric Draining
  6550 | D:6      | Reached skill level 5 in Necromancy
  6593 | D:6      | Found a runed translucent door.
  6594 | D:6      | Noticed Crazy Yiuf
  6623 | D:6      | Killed Crazy Yiuf
  6783 | D:6      | Found a burning altar of Makhleb.
  6785 | D:6      | Noticed a cacodemon
  6789 | D:6      | Noticed an orange demon
  7178 | D:7      | Found a glowing golden altar of the Shining One.
  7185 | D:7      | Reached skill level 6 in Necromancy
  7243 | D:7      | Reached XP level 10. HP: 74/74 MP: 15/20
  7427 | D:7      | Reached skill level 7 in Necromancy
  7489 | D:7      | Got a smoking chain mail
  7900 | D:8      | Reached skill level 1 in Shields
  7900 | D:8      | Reached *** piety under Kikubaaqudgha
  7900 | D:8      | Identified Kikubaaqudgha's Tome of Dark Magic
                  | (Kikubaaqudgha gifted it to you on level 8 of the Dungeon)
  7900 | D:8      | Received a gift from Kikubaaqudgha
  7901 | D:8      | Reached skill level 8 in Necromancy
  7909 | D:8      | Learned a level 4 spell: Dispel Undead
  8012 | D:8      | Identified the +3 chain mail of Ru's Whim {rElec Will+}
                  | (You found it on level 7 of the Dungeon)
  8242 | D:8      | Noticed a two-headed ogre
  8250 | D:8      | Killed a two-headed ogre
  8425 | D:8      | Found Acerit's Jewellery Emporium.
  8711 | D:9      | Found a sparkling altar of Nemelex Xobeh.
  8711 | D:9      | Found a shadowy altar of Dithmenos.
  8714 | D:9      | Found a snail-covered altar of Cheibriados.
  8901 | D:9      | Noticed a cyclops
  8915 | D:9      | Killed a cyclops
  8932 | D:9      | Found a staircase to the Orcish Mines.
  8940 | D:9      | Reached **** piety under Kikubaaqudgha
  9108 | D:9      | You fall into a shaft and drop 3 floors!
  9150 | D:11     | Reached skill level 5 in Shields
  9184 | D:11     | Noticed a kobold demonologist
  9211 | D:11     | Killed a kobold demonologist
  9212 | D:11     | Reached XP level 11. HP: 81/81 MP: 13/21
  9263 | D:11     | Noticed a two-headed ogre
  9279 | D:11     | Killed a two-headed ogre
  9303 | D:11     | Learned a level 3 spell: Conjure Flame
  9395 | D:10     | Entered Level 10 of the Dungeon
  9785 | D:10     | Found a staircase to the Lair.
  9785 | D:10     | Noticed an elephant
  9809 | D:10     | Reached skill level 1 in Fire Magic
  9929 | D:10     | Killed an elephant
 10819 | D:11     | Reached ***** piety under Kikubaaqudgha
 10929 | D:11     | Noticed a manticore
 10939 | D:11     | Killed a manticore
 11058 | D:11     | Noticed an orb spider
 11061 | D:11     | Noticed an elephant
 11061 | D:11     | an orb spider changed into an elephant
 11064 | D:11     | Noticed Fannar
 11082 | D:11     | Killed an elephant
 11092 | D:11     | Killed Fannar
 11128 | D:11     | Noticed a two-headed ogre
 11128 | D:11     | Noticed an eight-headed hydra
 11179 | D:11     | Killed a two-headed ogre
 11180 | D:11     | Reached skill level 9 in Necromancy
 11180 | D:11     | Reached XP level 12. HP: 61/89 MP: 4/22
 11299 | Orc:1    | Entered Level 1 of the Orcish Mines
 11748 | Orc:1    | Noticed Maurice
 11771 | Orc:1    | Killed Maurice
 11772 | Orc:1    | Reached skill level 5 in Fire Magic
 11937 | Orc:1    | Found a bloodstained altar of Trog.
 11990 | Orc:1    | Reached skill level 5 in Dodging
 11990 | Orc:1    | Reached skill level 10 in Shields
 12210 | Orc:2    | Entered Level 2 of the Orcish Mines
 12278 | Orc:2    | Found Biriz's Weapon Boutique.
 12523 | Orc:2    | Found Femem's Antique Weapon Boutique.
 12670 | Orc:2    | Noticed an orc high priest
 12711 | Orc:2    | Noticed an orc high priest
 12723 | Orc:2    | Killed an orc high priest
 12740 | Orc:2    | Killed an orc high priest
 12795 | Orc:2    | Noticed an orc warlord
 12819 | Orc:2    | Found Ecauhuoj's Antique Armour Boutique.
 12887 | Orc:2    | Noticed an orc high priest
 12906 | Orc:2    | Killed an orc high priest
 12921 | Orc:2    | Reached XP level 13. HP: 64/98 MP: 7/23
 13052 | Orc:2    | Found Sufarei's Jewellery Emporium.
 13154 | Orc:2    | Found a staircase to the Elven Halls.
 13937 | Orc:2    | Found Onissyl's General Store.
 13946 | Orc:2    | Bought 3 scrolls of identify for 108 gold pieces
 13946 | Orc:2    | Bought a potion of invisibility for 144 gold pieces
 13946 | Orc:2    | Bought a scroll of fog for 36 gold pieces
 14071 | Orc:2    | Bought a tower shield for 126 gold pieces
 14148 | D:10     | Learned a level 5 spell: Agony
 14227 | D:11     | Reached ****** piety under Kikubaaqudgha
 14243 | D:10     | Received a gift from Kikubaaqudgha
 14248 | D:10     | Fell from the grace of Kikubaaqudgha
 14415 | Temple   | Became a worshipper of Gozag Ym Sagoz the Greedy
 14845 | Orc:2    | Bought the amulet "Efam Uci" {RegenMP *Drain rF+ Int+8} for
                  | 607 gold pieces
 15538 | D:12     | Found Ocawnapn's Weapon Emporium.
 15803 | D:12     | Noticed an eight-headed hydra
 15887 | D:12     | Noticed a five-headed hydra
 15901 | D:12     | Killed a five-headed hydra
 16164 | D:12     | Got a dazzling hunting sling
 16165 | D:12     | Identified the +5 hunting sling "Diahin" {flame, Will+
                  | Int-3 Dex+5} (You found it on level 12 of the Dungeon)
 16847 | D:12     | Killed an eight-headed hydra
 17294 | D:11     | Killed an eight-headed hydra
 17639 | D:13     | Noticed a vault guard
 17667 | D:13     | Noticed a vault guard
 17683 | D:12     | Killed a vault guard
 17684 | D:12     | Reached skill level 15 in Shields
 17902 | D:13     | Noticed a vault guard
 17902 | D:13     | Noticed a vault guard
 17944 | D:13     | Killed a vault guard
 17945 | D:13     | Reached skill level 10 in Necromancy
 17954 | D:13     | Noticed a vault guard
 17985 | D:13     | Noticed a vault guard
 18017 | D:13     | Found a stormy altar of Qazlal.
 18074 | D:13     | Killed a vault guard
 18075 | D:13     | Reached XP level 14. HP: 84/105 MP: 13/24
 18282 | D:13     | Found a hazy altar of Hepliaklqana.
 18510 | D:13     | Found a gate to the Vaults.
 18929 | D:14     | Noticed Jorgrun
 19453 | D:14     | Reached skill level 11 in Necromancy
 19482 | D:14     | Reached skill level 10 in Armour
 19946 | D:8      | Killed an orc warlord
 19947 | D:8      | Reached skill level 10 in Fighting
 19998 | D:8      | Was forgiven by Kikubaaqudgha
 20230 | D:8      | Bought the ring "Weh Gaetu" {rN+ EV+4 Dex+3} for 642 gold
                  | pieces
 20325 | Orc:2    | Bought the +4 robe of the Wheelwright {Harm *Corrode rPois
                  | Int+8} for 775 gold pieces
 20426 | Lair:1   | Entered Level 1 of the Lair of Beasts
 21003 | Lair:1   | Noticed a dire elephant
 21018 | Lair:1   | Found a runed translucent door.
 21095 | Lair:1   | Killed a dire elephant
 21332 | Lair:2   | Reached XP level 15. HP: 115/115 MP: 21/25
 21355 | Lair:2   | Found a staircase to the Shoals.
 21775 | Lair:2   | Reached skill level 12 in Necromancy
 22703 | Lair:3   | Found a staircase to the Snake Pit.
 22977 | Lair:3   | Learned a level 8 spell: Necromutation
 23138 | Lair:4   | Noticed Sonja
 23140 | Lair:4   | Killed Sonja
 24051 | Lair:5   | Reached skill level 13 in Necromancy
 24424 | Lair:5   | Reached skill level 14 in Necromancy
 24821 | Lair:5   | Found a staircase to the Slime Pits.
 24826 | Lair:5   | Got an iridescent rapier
 24884 | Lair:5   | Identified the +10 rapier "Veathioj" {vorpal, rF++} (You
                  | found it on level 5 of the Lair of Beasts)
 25089 | Lair:6   | Entered Level 6 of the Lair of Beasts
 25159 | Lair:6   | Reached XP level 16. HP: 104/122 MP: 6/26
 25452 | Lair:6   | Reached skill level 15 in Necromancy
 25480 | Lair:6   | Found a glowing golden altar of the Shining One.
 25839 | Lair:6   | Learned a level 3 spell: Mephitic Cloud
 25958 | Lair:6   | Reached skill level 1 in Poison Magic
 26000 | Lair:6   | Reached skill level 1 in Transmutations
 26007 | Lair:6   | Reached skill level 1 in Air Magic
 27056 | Snake:1  | Entered Level 1 of the Snake Pit
 27085 | Snake:1  | Found Vyxuid's Magic Scroll Emporium.
 27087 | Snake:1  | Found Qilud's Gadget Shoppe.
 27095 | Snake:1  | Found Xeecidil's Magic Scroll Emporium.
 27107 | Snake:1  | Bought a scroll of identify for 26 gold pieces
 27107 | Snake:1  | Bought a scroll of identify for 26 gold pieces
 27107 | Snake:1  | Bought a scroll of identify for 26 gold pieces
 27107 | Snake:1  | Bought a scroll of holy word for 97 gold pieces
 27110 | Snake:1  | Bought a wand of acid (8) for 264 gold pieces
 27110 | Snake:1  | Bought a wand of acid (11) for 330 gold pieces
 27113 | Snake:1  | Bought a scroll of identify for 36 gold pieces
 27113 | Snake:1  | Bought a scroll of identify for 36 gold pieces
 27113 | Snake:1  | Bought a scroll of torment for 135 gold pieces
 27113 | Snake:1  | Bought a scroll of fog for 36 gold pieces
 27113 | Snake:1  | Bought a scroll of enchant armour for 135 gold pieces
 27113 | Snake:1  | Bought a scroll of holy word for 135 gold pieces
 28249 | Snake:2  | Reached skill level 5 in Transmutations
 28279 | Snake:2  | Identified Cudun's Collected Works on Transmigration and
                  | Feathers
 28298 | Snake:2  | Reached skill level 16 in Necromancy
 28298 | Snake:2  | Reached XP level 17. HP: 122/128 MP: 16/27
 28697 | Snake:2  | Found Miedeopi's Assorted Antiques.
 28717 | Snake:2  | Bought a scroll of identify for 58 gold pieces
 29179 | Snake:2  | Bought a papyrus book for 435 gold pieces
 30100 | Snake:3  | Reached skill level 17 in Necromancy
 30390 | Snake:4  | Entered Level 4 of the Snake Pit
 31375 | Snake:4  | Reached skill level 10 in Transmutations
 31415 | Snake:4  | Reached XP level 18. HP: 107/134 MP: 7/28
 32330 | Snake:4  | Got a serpentine rune of Zot
 32410 | Snake:4  | Identified a scroll of acquirement
 32421 | Snake:4  | Gained mutation: Your mind is acute. (Int +2) [potion of
                  | mutation]
 32421 | Snake:4  | Gained mutation: Your muscles are strong. (Str +2) [potion
                  | of mutation]
 32544 | D:10     | Acquired a book of Dreams
 32555 | D:10     | Learned a level 5 spell: Borgnjor's Vile Clutch
 32584 | Shoals:1 | Entered Level 1 of the Shoals
 32593 | Shoals:1 | Reached skill level 1 in Earth Magic
 32934 | Shoals:1 | Reached skill level 5 in Earth Magic
 33030 | Shoals:1 | Found a large runed translucent door.
 33031 | Shoals:1 | Found a large runed translucent door.
 33033 | Shoals:1 | Noticed Wano's ghost (adept DrTm)
 33196 | Shoals:1 | Got a slimy plate armour
 33712 | Shoals:1 | Killed Wano's ghost
 33744 | Shoals:1 | Identified the +5 plate armour of Indemnity {rN++ Int-2}
                  | (You found it on level 1 of the Shoals)
 33926 | Shoals:2 | Noticed a kraken
 33983 | Shoals:2 | Killed a kraken
 35029 | Shoals:3 | Reached skill level 10 in Earth Magic
 35228 | Shoals:3 | Reached XP level 19. HP: 134/140 MP: 6/29
 36389 | Shoals:4 | Entered Level 4 of the Shoals
 36389 | Shoals:4 | Noticed Polyphemus
 36619 | Shoals:4 | Killed Polyphemus
 36831 | Shoals:4 | Noticed Aizul
 36841 | Shoals:4 | Killed Aizul
 36849 | Shoals:4 | HP: 7/140 [poisoned by Aizul (bolt of poison)]
 36850 | Shoals:4 | Killed from afar by a merfolk aquamancer

Illustrated notes

Levels and vault maps discovered:
D:1:      lightli_arrival_boilingwater, layout_basic
D:2:      layout_loops_ring
D:3:      layout_basic, general_overflow_altar, gup_sewer_entry_bubbles,
          chequers_ecumenical_altar_simple_redux, interstate_on_off
D:4:      layout_basic, serial_shops, shop, chequers_serial_rivers_small_3,
          kennysheep_cross_room
D:5:      corexii_shack_village, layout_basic, lemuel_temple_firewalk_b,
          chequers_ossuary_entry_cave, elyvilon_altar_3, uniq_edmund
D:6:      layout_loops_cross, makhleb_altar_promises_db,
          uniq_crazy_yiuf_cottage, uniq_prince_ribbit1, uniq_duvessa
D:7:      layout_loops_cross, nicolae_overflow_crystal_walls, serial_glass,
          glass_columns_c, glass_columns_c
D:8:      layout_cave_pods, serial_shops, kennysheep_mini_moat
D:9:      layout_loops_ring, nicolae_overflow_hidden_temple, orc_david_3
D:10:     layout_basic, david_lair_generic, chequers_serial_rivers_micro_a,
          palyth_stone_intersect
D:11:     layout_roguey, uniq_fannar
D:12:     layout_layer_cave, serial_shops, nicolae_shop_crystal,
          kennysheep_generic_room_4
D:13:     layout_cave_pools, erik_vaults_2, basic_altar, grunt_qazlal_sundering
D:14:     layout_roguey, kennysheep_nub, uniq_jorgrun
Temple:   regret_index_temple_sphere_string
Lair:1:   gammafunk_lair_enchanted_lake, layout_chaotic_city, lemuel_fruit_tree,
          infiniplex_staircase_pool, grunt_megastairs_5
Lair:2:   layout_cellular_growth, minmay_shoals_entry_hut
Lair:3:   layout_roguey, guppyfry_snake_entry_island, grunt_megastairs_2
Lair:4:   layout_gridlike, uniq_sonja
Lair:5:   beast_lair_carwin_large_1, layout_misc_corridors,
          dpeg_slime_entry_corner, infiniplex_staircase_pool_2,
          grunt_megastairs_3, minmay_lair_oklob_chamber
Lair:6:   evilmike_catoblepas_cave, layout_cave_pods, lemuel_oklob_altar,
          serial_bayou_shore_a, grunt_megastairs_1
Shoals:1: layout_shoals, ebering_ghost_disaster_area,
          nicolae_shoals_aquamancer_cove
Shoals:2: layout_shoals, nicolae_shoals_cliffside_cave
Shoals:3: layout_shoals, nicolae_shoals_water_elemental_grotto
Shoals:4: shoals_end_grunt_ice, layout_shoals, uniq_aizul, uniq_polyphemus,
          uniq_mara
Snake:1:  layout_honeycomb, minmay_shop_star
Snake:2:  layout_onion_interference, serial_shops, nicolae_shop_trees,
          nrook_guardian_serpent_ordinary
Snake:3:  layout_misc_corridors, nicolae_large_snake_swirl
Snake:4:  minmay_snake_end_coiled, layout_cave_town
Orc:1:    layout_caves, trog_book, uniq_maurice
Orc:2:    grunt_orc_gardens, layout_diamond_mine, grunt_orc_garden,
          grunt_orc_garden, grunt_orc_garden, grunt_orc_garden, serial_shops,
          shop

Skill      XL: |  1  2  3  4  5  6  7  8  9 10 11 12 13 14 15 16 17 18 19 |
---------------+----------------------------------------------------------+-----
Conjurations   | 4 5 6 |  6.0
Spellcasting   | 3 4 6 7 |  7.1
Dodging        | 3 4 5 6 7 |  7.0
Fighting       | 3 5 6 7 8 10 | 10.0
Armour         | 4 5 6 8 10 12 | 12.0
Necromancy     | 6 8 9 10 11 14 16 17 | 17.7
Short Blades   | 1 |  1.0
Slings         | 1 |  1.0
Shields        | 6 9 10 15 | 15.0
Fire Magic     | 4 5 |  5.0
Poison Magic   | 4 |  4.0
Transmutations | 5 10 11 | 11.1
Air Magic      | 3 4 |  4.0
Earth Magic    | 11 13 | 13.7
Stealth        | |  2.4

Action                   |  1- 3 |  4- 6 |  7- 9 | 10-12 | 13-15 | 16-18 | 19-21 || total
-------------------------+-------+-------+-------+-------+-------+-------+-------++-------
Melee: Club              |     6 |       |       |       |       |       |       ||     6
       Short sword       |     3 |    34 |       |       |       |       |       ||    37
       Mace              |       |     5 |    12 |       |       |       |       ||    17
       Dagger            |       |       |     4 |    86 |    44 |    49 |    16 ||   199
       Hunting sling     |       |       |       |       |     3 |       |       ||     3
 Fire: Hunting sling     |       |       |    41 |   245 |   333 |   623 |    80 ||  1322
 Cast: Magic Dart        |    47 |    82 |    28 |       |     2 |       |       ||   159
       Searing Ray       |     2 |    23 |    63 |    96 |   226 |   150 |       ||   560
       Vampiric Draining |       |       |       |    37 |    49 |   186 |    10 ||   282
       Dispel Undead     |       |       |       |     2 |    18 |     3 |       ||    23
       Conjure Flame     |       |       |       |    12 |    90 |    93 |     5 ||   200
       Sublimation of Bl |       |       |       |       |     1 |     7 |       ||     8
       Mephitic Cloud    |       |       |       |       |       |    19 |     1 ||    20
       Borgnjor's Vile C |       |       |       |       |       |    95 |    55 ||   150
Invok: Receive Necronomi |       |       |       |       |     1 |       |       ||     1
       Renounce Religion |       |       |       |       |     1 |       |       ||     1
 Abil: Dig               |       |     7 |    33 |    31 |   114 |    83 |     6 ||   274
Evoke: Lightning rod     |       |       |       |       |     4 |       |       ||     4
  Use: Potion            |       |     2 |       |       |     1 |     4 |       ||     7
       Scroll            |       |       |     8 |     8 |    13 |    10 |     1 ||    40
 Stab: Sleeping          |       |     2 |     2 |       |       |       |       ||     4
       Distracted        |       |     1 |       |       |       |       |       ||     1
Armor: Robe              |     4 |    18 |     3 |    28 |    84 |   119 |     9 ||   265
       Leather armour    |       |       |    11 |       |       |       |       ||    11
Dodge: Dodged            |     5 |    30 |    27 |   103 |   242 |   299 |    41 ||   747
Block: Buckler           |       |       |       |    11 |       |       |       ||    11
       Kite shield       |       |       |       |    78 |    27 |       |       ||   105
       Tower shield      |       |       |       |       |   436 |   564 |    82 ||  1082
